Map: Acropolis LE

Players

Parkkatz

  • Race: Zerg Zerg
  • League: Platinum
  • Spawn Location: 11:00

VOD

Have the link to the VOD?

Description

Time

  • Played on: June 30, 2019, 6:28 a.m.
  • Length: 13:40
Show
View Real Time Build Order
Export as new Build Order

Parkkatz Zerg 

Build Orders:  

Get SALT Encoding   

  12  0:01  Drone  
  13  0:18  Overlord  
  13  0:25  Drone  
  14  0:44  Drone x2  
  16  0:50  Drone  
  17  1:17  Hatchery  
  17  1:18  Drone  
  17  1:38  Spawning Pool  
  16  1:41  Drone  
  16  1:46  Drone  
  18  1:52  Drone  
  19  2:01  Extractor  
  18  2:17  Drone  
  19  2:30  Hatchery  
  19  2:32  Drone  
  19  2:45  Overlord  
  19  3:02  Queen  
  21  3:10  Queen  
  21  3:15  Zergling x2  
  21  3:18  Zergling x2  
  25  3:23  Zergling x2  
  25  3:28  Drone  
  27  3:42  Drone  
  27  3:43  Drone x2  
  30  4:08  Drone x3  
  33  4:18  Queen  
  35  4:25  Overlord  
  33  4:53  Metabolic Boost  
  32  5:01  Drone x3  
  32  5:02  Drone x3  
  32  5:04  Drone x3  
  32  5:05  Drone x4  
  45  5:18  Zergling x4  
  45  5:19  Zergling x2  
  48  5:25  Baneling Nest  
  48  5:29  Extractor  
  46  5:33  Extractor  
  46  5:34  Queen  
  47  5:45  Zergling x2  
  47  5:46  Zergling x4  
  50  5:57  Overlord x3  
  50  6:22  Queen  
  50  6:23  Drone x2  
  50  6:26  Drone x4  
  50  6:27  Drone x2  
  60  6:34  Drone x3  
  60  6:35  Zergling x6  
  60  6:36  Zergling x2  
  67  6:41  Baneling x2  
  67  6:42  Baneling x2  
  67  6:56  Overlord x2  
  67  7:12  Drone x4  
  67  7:13  Drone x2  
  67  7:16  Zergling x2  
  74  7:20  Overlord  
  74  7:21  Overlord x3  
  74  7:49  Roach Warren  
  73  7:50  Lair, Evolution Chamber  
  72  8:06  Zergling x2  
  72  8:07  Zergling x6  
  76  8:10  Drone x3  
  76  8:11  Drone x4  
  83  8:24  Queen x2  
  87  8:30  Extractor  
  87  8:33  Zergling x2  
  87  8:34  Zergling x14  
  94  8:56  Infestation Pit  
  94  8:57  Centrifical Hooks  
  93  9:01  Glial Reconstitution  
  93  9:02  Zerg Missile Weapons Level 1  
  93  9:03  Roach  
  93  9:04  Roach x7  
  109  9:40  Overlord x3  
  109  9:41  Overlord x2  
  109  9:43  Hatchery  
  101  9:50  Hydralisk Den  
  99  10:22  Roach  
  99  10:26  Drone  
  99  10:27  Drone x2  
  99  10:29  Overseer  
  95  10:30  Hive  
  96  10:44  Zergling x2  
  97  10:55  Extractor  
  97  10:56  Hydralisk  
  97  10:57  Hydralisk  
  100  11:08  Extractor  
  99  11:16  Drone x5  
  99  11:17  Drone x8  
  99  11:18  Overlord  
  99  11:19  Overlord x3  
  112  11:20  Overlord  
  112  11:23  Roach  
  114  11:45  Spire  
  113  11:56  Extractor  
  113  11:57  Drone x3  
  113  11:58  Drone x3  
  117  12:01  Extractor  
  107  12:18  Hydralisk  
  107  12:19  Hydralisk x8  
  103  12:35  Unknown  
  103  12:40  Drone x3, Evolution Chamber  
  103  12:41  Drone x2  
  103  12:42  Drone  
  108  12:54  Hydralisk  
  108  12:55  Hydralisk x3  
  116  13:15  Drone x3  
Tags
 
League
Platinum
Matchup
Co-op
Replay Pack
SC2 replays
Add a new tag
Caveats
  • Supply blocks, unpowered buildings, or Contaminate may cause inaccurate times.
  • Supply counts are checked every 10 seconds.